 Dungeon Crawl Stone Soup version 0.14-a0-586-g2535b90 (webtiles) character file.

1142 Malachi the Jinx (level 7, -1/46 HPs)
             Began as a Vampire Enchanter on Nov 3, 2013.
             Was a Believer of Okawaru.
             Slain by Prince Ribbit (3 damage)
             ... on Level 5 of the Dungeon.
             The game lasted 00:13:42 (5868 turns).

Malachi the Jinx (Vampire Enchanter)                Turns: 5868, Time: 00:13:43

HP  -1/46        AC  7     Str  7      XL: 7   Next: 96%
MP   1/11        EV 12     Int 19      God: Okawaru [**....]
Gold 159         SH  0     Dex 14      Spells:  3 memorised,  2 levels left

Res.Fire  : + . .   See Invis. : +   a - +1 dagger
Res.Cold  : . . .   Warding    : .   b - +1 robe
Life Prot.: . . .   Conserve   : .   (no shield)
Res.Poison: .       Res.Corr.  : .   i - +0 cap
Res.Elec. : .       Clarity    : .   (no cloak)
Sust.Abil.: . .     Spirit.Shd : .   (no gloves)
Res.Mut.  : .       Stasis     : .   (no boots)
Res.Rott. : .       Flight     : .   (no amulet)
Saprovore : . . .                    k - +4 ring of protection
                                     m - ring of protection from fire

@: regenerating quickly, very slightly contaminated, slightly resistant to
hostile enchantments, very stealthy
A: bottle blood, fangs 3, see invisible, unbreathing
a: Bottle Blood, Heroism, Renounce Religion


You were on level 5 of the Dungeon.
You worshipped Okawaru.
Okawaru was pleased with you.
You were very full.

You visited 2 branches of the dungeon, and saw 6 of its levels.

You collected 159 gold pieces.

Inventory:

Hand weapons
 a - a +1,+1 dagger (weapon)
 n - a cursed +0,-1 sling
 z - a +1,+1 whip of electrocution
Missiles
 d - 12 darts (quivered)
 o - 20 sling bullets
Armour
 b - a +1 robe (worn)
 i - a +0 cap (worn)
Magical devices
 p - a wand of flame (4)
 t - a wand of magic darts (14)
Scrolls
 e - a scroll of magic mapping {unknown}
 f - 3 scrolls of remove curse
 l - 2 scrolls of fog
 q - a scroll of teleportation {unknown}
 r - 4 scrolls of fear {unknown}
 u - a scroll of enchant weapon I {unknown}
 v - a scroll of enchant weapon II {unknown}
 y - a scroll of noise {unknown}
 A - a scroll of enchant weapon III {unknown}
Jewellery
 k - a +4 ring of protection (right hand)
 m - a ring of protection from fire (left hand)
 x - an uncursed ring of teleportation
Potions
 g - a potion of cure mutation
 h - a potion of restore abilities
 j - a potion of agility
 s - a potion of brilliance
Books
 c - a book of Maledictions

   Spells                             Type                      Level
   *Corona                            Hexes                        1
   Sure Blade                         Hexes/Charms                 2
   *Ensorcelled Hibernation           Hexes/Ice                    2
   *Confuse                           Hexes                        3
   Enslavement                        Hexes                        4
   Invisibility                       Hexes                        6


   Skills:
 * Level 4.7 Short Blades
 - Level 0.7 Throwing
 - Level 2.1 Dodging
 + Level 9.2 Stealth
 - Level 1.0 Spellcasting
 + Level 9.4 Hexes


You had 2 spell levels left.
You knew the following spells:

 Your Spells              Type           Power        Failure   Level  Hunger
a - Corona                Hex            #####..      1%          1    ##.....
b - Ensorcelled Hibernat  Hex/Ice        ###...       6%          2    ###....
c - Confuse               Hex            #####...     1%          3    ####...


Dungeon Overview and Level Annotations

Branches:
Dungeon (5/27)             Temple (1/1) D:4

Altars:
Ashenzari
Cheibriados
Elyvilon
Fedhas
Okawaru
Trog
Vehumet
Yredelemnul

Annotations:
D:5 Prince Ribbit


Innate Abilities, Weirdness & Mutations

Your natural rate of healing is unusually fast.
You can bottle blood from corpses.
You have razor-sharp teeth.*
You have supernaturally acute eyesight.
You can survive without breathing.*


Message History

Casting: Ensorcelled Hibernation
Confirm with . or Enter, or press ? or * to list all spells.
Aiming: Confuse
Press: ? - help, Shift-Dir - straight line, f/p - Prince Ribbit
Aim: Prince Ribbit Prince Ribbit resists with some effort.
Prince Ribbit barely misses you. Prince Ribbit misses you.
Evoke which item? (* to show all) (? for menu, Esc to quit)
Zapping:
t - an iron wand
Press: ? - help, Shift-Dir - straight line, f/p - Prince Ribbit
Aim: Prince Ribbit The magic dart hits Prince Ribbit.
Prince Ribbit is lightly wounded.
t - a wand of magic darts {zapped: 1} Prince Ribbit hits you.
* * * LOW HITPOINT WARNING * * *
Prince Ribbit hits you.
* * * LOW HITPOINT WARNING * * *
Prince Ribbit hits you.
You die...

###....#####...
#............#.
#.####.......# #
+.......#
#.######......##
........!.....#
########......#
#.!....#
#...@..#
#..F..<#
#......#
#......#
########


You could see Prince Ribbit.

Vanquished Creatures
  Pikel (D:5)
  A sky beast (D:5)
  A phantom (D:5)
  A centaur (D:5)
  Blork the orc (D:5)
  Ijyb (D:3)
  A hound skeleton (D:4)
  6 adders
  A worm (D:4)
  3 giant eyeballs
  4 giant geckos
  2 oozes
  10 orcs (D:3)
  2 ball pythons (D:1)
  A bat skeleton (D:5)
  4 giant cockroaches
  7 goblins
  16 hobgoblins
  12 jackals
  11 kobolds
  2 quokkas (D:2)
  6 bats
  5 giant newts
  11 rats
110 creatures vanquished.

Vanquished Creatures (others)
  A slave (D:5)
  2 gnolls (D:5)
  A goblin (D:5)
4 creatures vanquished.

Grand Total: 114 creatures vanquished

Notes
Turn   | Place    | Note
--------------------------------------------------------------
     0 | D:1      | Malachi, the Vampire Enchanter, began the quest for the Orb.
     0 | D:1      | Reached XP level 1. HP: 13/13 MP: 4/4
   179 | D:1      | Reached skill level 5 in Hexes
   188 | D:1      | Reached XP level 2. HP: 10/19 MP: 3/5
  1140 | D:1      | Learned a level 2 spell: Ensorcelled Hibernation
  1174 | D:2      | Reached XP level 3. HP: 15/24 MP: 6/6
  1322 | D:2      | Reached skill level 6 in Hexes
  2231 | D:2      | Found a radiant altar of Vehumet.
  2488 | D:2      | Reached XP level 4. HP: 30/30 MP: 8/8
  3077 | D:3      | Noticed Ijyb
  3112 | D:3      | Killed Ijyb
  3112 | D:3      | Reached skill level 7 in Hexes
  3999 | D:3      | Reached XP level 5. HP: 21/35 MP: 0/9
  4193 | D:3      | Learned a level 3 spell: Confuse
  4840 | D:4      | Found a staircase to the Ecumenical Temple.
  4861 | Temple   | Entered the Ecumenical Temple
  5256 | D:5      | Entered Level 5 of the Dungeon
  5325 | D:5      | Noticed a centaur
  5330 | D:5      | Killed a centaur
  5330 | D:5      | Reached skill level 5 in Stealth
  5330 | D:5      | Reached XP level 6. HP: 36/41 MP: 5/10
  5421 | D:5      | Noticed a phantom
  5452 | D:5      | Killed a phantom
  5452 | D:5      | Reached skill level 8 in Hexes
  5560 | D:5      | Noticed a sky beast
  5568 | D:5      | Killed a sky beast
  5592 | D:5      | Found an iron altar of Okawaru.
  5632 | D:5      | Became a worshipper of Warmaster Okawaru
  5641 | D:5      | Noticed a slave
  5641 | D:5      | Noticed a slave
  5642 | D:5      | Noticed Pikel
  5643 | D:5      | Noticed a slave
  5643 | D:5      | Noticed a slave
  5659 | D:5      | Killed Pikel
  5659 | D:5      | Acquired Okawaru's first power
  5659 | D:5      | Reached skill level 9 in Stealth
  5659 | D:5      | Reached XP level 7. HP: 21/46 MP: 6/11
  5787 | D:5      | Noticed Blork the orc
  5800 | D:5      | Killed Blork the orc
  5849 | D:5      | Killed a freed slave
  5854 | D:5      | Noticed Prince Ribbit
  5867 | D:5      | HP: 2/46 [Prince Ribbit (6)]
  5868 | D:5      | Slain by Prince Ribbit

Action                   |  1- 3 |  4- 6 |  7- 9 || total
-------------------------+-------+-------+-------++-------
Melee: Dagger            |   171 |   259 |    10 ||   440
       Short sword       |       |    29 |       ||    29
 Cast: Corona            |    26 |    23 |       ||    49
       Ensorcelled Hiber |     6 |    27 |     3 ||    36
       Confuse           |       |     5 |     1 ||     6
Evoke: Wand              |       |     4 |     2 ||     6
  Use: Potion            |     2 |       |       ||     2
       Scroll            |       |     4 |     3 ||     7
 Stab: Sleeping          |     6 |    26 |     1 ||    33
       Confused          |       |     1 |       ||     1
